 Dungeon Crawl Stone Soup version 0.27.1-34-g3ba077fa99 (webtiles) character file.

Game seed: 699620695906734693

2 Sharkman1231 the Skirmisher (level 1, -2/18 HPs)
             Began as a Demonspawn Chaos Knight on Jan 18, 2022.
             Was a Plaything of Xom.
             Frozen to death by an endoplasm (3 damage)
             ... on level 1 of the Dungeon.
             The game lasted 00:00:09 (38 turns).

Sharkman1231 the Skirmisher (Demonspawn Chaos Knight) Turns: 38, Time: 00:00:10

Health: -2/18      AC:  5    Str: 12    XL:     1   Next: 33%
Magic:  1/1        EV: 11    Int: 13    God:    Xom [..*...]
Gold:   0          SH:  0    Dex: 12    Spells: 0/0 levels left

rFire    . . .     SeeInvis .   a - +0 mace (chaos)
rCold    . . .     Faith    .   (no shield)
rNeg     . . .     Spirit   .   b - +2 leather armour
rPois    .         Reflect  .   (no helmet)
rElec    .         Harm     .   (no cloak)
rCorr    .         Rampage  .   (no gloves)
Will     .....                  (no boots)
Stlth    +.........             (no amulet)
HPRegen  0.06/turn              (no ring)
MPRegen  0.07/turn              (no ring)

@: no status effects
A: no striking features
a: Renounce Religion


You were on level 1 of the Dungeon.
You worshipped Xom.
You were a toy of Xom.
You visited 1 branch of the dungeon, and saw 1 of its levels.

Inventory:

Hand Weapons
 a - a +0 mace of chaos (weapon)
Armour
 b - a +2 leather armour (worn)


   Skills:
 + Level 3.0 Fighting
 + Level 2.7 Maces & Flails
 + Level 1.8 Armour
 + Level 1.0 Dodging


You couldn't memorise any spells.
You didn't know any spells.
Your spell library was empty.

Dungeon Overview and Level Annotations

Branches:
Dungeon (1/15)

Altars:


Message History

You are too injured to fight recklessly!
You are too injured to fight recklessly!
You are too injured to fight recklessly!
You are too injured to fight recklessly!
You are too injured to fight recklessly!
You are too injured to fight recklessly!
You are too injured to fight recklessly!
Unknown command.
The endoplasm hits you but does no damage.
The bat completely misses you. The bat misses you.
You hit the bat. You freeze the bat.
You kill the bat!
The rat twitches its whiskers.
The rat bites you but does no damage.
Your Dodging skill increases to level 1!
Unknown command.
You hit the rat but do no damage.
The rat is poisoned.
The rat bites you but does no damage.
You barely miss the rat.
The rat is severely wounded.
You kill the rat!
Unknown command.
You hit the endoplasm but do no damage.
The endoplasm seems to speed up.
Xom is amused.
The endoplasm hits you but does no damage. x2
You hit the endoplasm.
The endoplasm flickers and vanishes!
Something hits you but does no damage. Something hits you.
Unknown command.
You hit something but do no damage.
You are frozen.
* * * LOW HITPOINT WARNING * * *
Something hits you but does no damage.
Unknown command.
You hit something.
You are frozen.
* * * LOW HITPOINT WARNING * * *
You are frozen.
* * * LOW HITPOINT WARNING * * *
Unknown command.
You aren't carrying any potions.
You are frozen.
You die...

##### .. #..... ..
#.###.8.8. ...
#.##.....
...####.##8... ###
......#.##..# #<#
........#...#w#..#.#
........#8.@#k#..#.#
........†g..#h#..#.#
........#8..#S#..#.#
........#...#h#..#.#
........##..###..#.#
.....(..##8........#
........##.........#
........###.8.8...##
.....#..# #....†..#


You could see a goblin.

Vanquished Creatures
  2 bats (D:1)
  A rat (D:1)
3 creatures vanquished.

Notes
Turn   | Place    | Note
-------+----------+-------------------------------------------
     0 | D:1      | Sharkman1231 the Demonspawn Chaos Knight began the quest
                  | for the Orb.
     0 | D:1      | Reached XP level 1. HP: 18/18 MP: 1/1
     7 | D:1      | Noticed an anaconda
     7 | D:1      | Noticed a polar bear
     8 | D:1      | Noticed a rime drake
    31 | D:1      | Reached skill level 1 in Dodging
    38 | D:1      | Frozen to death by an endoplasm

Illustrated notes

Levels and vault maps discovered:
D:1:      onia_arrival_zoo_common, layout_basic, serial_shops, shop_statue,
          nicolae_shop_trees, dreamdust_ecumenical_altar_grove

Skill      XL: |  1 |
---------------+----+-----
Dodging        | 1 |  1.0
Fighting       | |  3.0
Maces & Flails | |  2.7
Armour         | |  1.8

Action                   || total
-------------------------++-------
Melee: Mace              ||    14
Armor: Leather armour    ||    16
Dodge: Dodged            ||    20
